 Dungeon Crawl Stone Soup version 0.29-a0-721-g7f417c9bbb (webtiles) character file.

Game seed: 5197063204843563674

163 snackwell the Digger (level 6, -6/51 HPs)
             Began as a Meteoran Earth Elementalist on June 27, 2022.
             Mangled by an orc priest
             ... wielding a +0 flail
              (9 damage)
             ... on level 2 of the Dungeon.
             The game lasted 00:08:05 (1019 turns).

snackwell the Digger (Meteoran Earth Elementalist)  Turns: 1019, Time: 00:08:06

Health: -6/51      AC:  2    Str:  9    XL:     6   Next: 3%
Magic:  1/13       EV: 12    Int: 18    God:
Gold:   64         SH:  0    Dex: 16    Spells: 7/13 levels left

rFire   . . .      SeeInvis .   c - +0 short sword
rCold   . . .      Faith    .   (no shield)
rNeg    . . .      Spirit   .   a - +0 robe
rPois   .          Reflect  .   (no helmet)
rElec   .          Harm     .   (no cloak)
rCorr   .          Rampage  .   (no gloves)
Will    .....                   (no boots)
Stlth   +.........              (no amulet)
HPRegen 0.17/turn               (no ring)
MPRegen 0.13/turn               (no ring)

@: glowing
A: sense surroundings 1, otherworldly, glowing, explore regen
a: no special abilities


You were on level 2 of the Dungeon.
You visited 1 branch of the dungeon, and saw 3 of its levels.

You collected 64 gold pieces.

Inventory:

Hand Weapons
 c - a +0 short sword (weapon)
   (You took it off a kobold on level 1 of the Dungeon)
 q - a +0 flail
   (You took it off a gnoll on level 2 of the Dungeon)
Missiles
 o - 5 poisoned darts
Armour
 a - a +0 robe (worn)
 j - a +5 plate armour of ponderousness
   (You found it on level 1 of the Dungeon)
 m - a +0 ring mail
   (You found it on level 2 of the Dungeon)
 n - a +0 leather armour
   (You found it on level 2 of the Dungeon)
Scrolls
 e - a scroll of teleportation {unknown}
 f - 2 scrolls of magic mapping {unknown}
 h - 2 scrolls of identify {unknown}
 i - a scroll of enchant weapon {unknown}
 p - a scroll of noise {unknown}
Potions
 b - a potion of magic
 d - 3 potions of ambrosia {unknown}
 g - 2 potions of heal wounds {unknown}
 k - a potion of curing {unknown}
 l - a potion of resistance {unknown}
 r - a potion of mutation {unknown}


   Skills:
 + Level 3.0 Fighting
 - Level 2.4 Dodging
 - Level 1.4 Stealth
 + Level 4.4 Spellcasting
 - Level 1.2 Transmutations
 + Level 5.0 Earth Magic


You had 7 spell levels left.
You knew the following spells:

 Your Spells              Type           Power      Damage    Failure   Level
a - Sandblast             Erth           44%        2d11      1%          1
b - Passwall              Tmut/Erth      12%        N/A       6%          2
d - Stone Arrow           Conj/Erth      26%        3d8       16%         3

Your spell library contained the following spells:

 Spells                   Type           Power      Damage    Failure   Level
 Petrify                  Tmut/Erth      15%        N/A       36%         4
 Gell's Gravitas          Tloc           4%         N/A       38%         3
 Lesser Beckoning         Tloc           4%         N/A       38%         3
 Teleport Other           Tloc           4%         N/A       38%         3
 Lee's Rapid Deconstruct  Erth           11%        3d9*      43%         5
 Leda's Liquefaction      Hex/Erth       6%         N/A       45%         4
 Statue Form              Tmut/Erth      10%        N/A       99%         6


Dungeon Overview and Level Annotations

Branches:
Dungeon (3/15) Zot: 719

Altars:


Innate Abilities, Weirdness & Mutations

You passively map a small area around you.
You are easily found by Zot.
You glow in the dark.
You regain HP and MP as you explore.


Message History

Aiming: Stone Arrow (dangerous; 16% risk of failure)
Press: ? - help, Shift-Dir - straight line, f - orc priest
Aim: an orc priest, wielding a +0 flail (68% to hit)
The stone arrow misses the orc priest.
The rat barely misses you.
Casting: Stone Arrow (dangerous; 16% risk of failure)
Confirm with . or Enter, or press ? or * to list all spells.
Aiming: Stone Arrow (dangerous; 16% risk of failure)
Press: ? - help, Shift-Dir - straight line, f/p - orc priest
Aim: an orc priest, wielding a +0 flail (68% to hit)
The stone arrow misses the orc priest.
The orc priest barely misses you. The rat bites you.
Casting: Stone Arrow (dangerous; 16% risk of failure)
Confirm with . or Enter, or press ? or * to list all spells.
You don't have enough magic to cast this spell.
Unknown command.
The orc priest hits you with a +0 flail.
The rat closely misses you.
You climb upwards.
There is a stone staircase leading down here.
Casting: Stone Arrow (dangerous; 16% risk of failure)
Confirm with . or Enter, or press ? or * to list all spells.
Aiming: Sandblast (safe; 1% risk of failure)
Press: ? - help, Shift-Dir - straight line, f - orc priest
Aim: an orc priest, wielding a +0 flail (81% to hit)
The blast of sand hits the orc priest!
The orc priest is heavily wounded.
The rat bites you but does no damage.
The orc priest invokes the aid of Beogh against you.
Pain shoots through your body!
* * * LOW HITPOINT WARNING * * *
The rat bites you.
* * * LOW HITPOINT WARNING * * *
The orc priest hits you with a +0 flail!
* * * LOW HITPOINT WARNING * * *
Unknown command.
Unknown command.
You hit the orc priest but do no damage.
You punch the orc priest.
The orc priest is severely wounded.
The rat bites you.
* * * LOW HITPOINT WARNING * * *
The orc priest barely misses you.
Unknown command.
Unknown command.
Unknown command.
You hit the orc priest but do no damage.
The orc priest is severely wounded.
The rat misses you.
The orc priest hits you with a +0 flail!
You die...

#.########.#.###.##
#............###.#
#.#####......^.#.#
#.#####.#..###.#.#
#....##.#..###.#.#
#.##.#...........#
#.##.............#
##.####....##.....#
#......<..[.@r....#
#.######.#..o..<..#
#####.# #.###......#
......# #.#
#....>.######
####### #.#
#.......[...#
#.###......####.#
#........#.# #.#
#####..###.# #.#
#############..###.#
#.#


You could see an orc priest and a rat.

Vanquished Creatures
  Natasha (twice) (D:2)
  8 gnolls (D:2)
  2 dart slugs (D:1)
  2 orcs (D:2)
  2 giant cockroaches (D:2)
  2 hobgoblins
  A kobold (D:1)
  A quokka (D:1)
  9 ball pythons
  5 bats
  2 frilled lizards
  2 rats
38 creatures vanquished.

Vanquished Creatures (others)
  4 fungi (D:2)
  A plant (D:2)
5 creatures vanquished.

Grand Total: 43 creatures vanquished

Notes
Turn   | Place    | Note
-------+----------+-------------------------------------------
     0 | D:1      | snackwell the Meteoran Earth Elementalist began the quest
                  | for the Orb.
     0 | D:1      | Reached XP level 1. HP: 14/14 MP: 5/5
     7 | D:1      | Noticed a five-headed hydra
     7 | D:1      | Noticed a salamander
     7 | D:1      | Noticed a polar bear
     7 | D:1      | Noticed a swamp worm
     7 | D:1      | Noticed a scorpion
   145 | D:1      | Reached XP level 2. HP: 22/22 MP: 4/6
   222 | D:1      | Reached skill level 1 in Fighting
   348 | D:2      | Noticed Natasha
   349 | D:2      | Killed Natasha
   350 | D:2      | Reached skill level 4 in Earth Magic
   350 | D:2      | Reached XP level 3. HP: 29/29 MP: 6/9
   351 | D:2      | Reached XP level 4. HP: 36/36 MP: 5/10
   358 | D:2      | Learned a level 2 spell: Passwall
   362 | D:2      | Learned a level 3 spell: Stone Arrow
   404 | D:2      | HP: 1/36 [gnoll/+0 halberd (6)]
   440 | D:2      | Reached XP level 5. HP: 5/41 MP: 4/11
   622 | D:2      | Found a faded altar of an unknown god.
   724 | D:2      | Noticed Natasha
   731 | D:2      | Killed Natasha
   732 | D:2      | Reached skill level 5 in Earth Magic
   883 | D:2      | Reached XP level 6. HP: 50/50 MP: 11/13
  1019 | D:2      | Mangled by an orc priest

Illustrated notes

Levels and vault maps discovered:
D:1:      onia_arrival_zoo_common, layout_loops_ring, minmay_pentomino_p2
D:2:      layout_loops_ring, shapermc_ecumenical_altar_ellora, uniq_natasha
D:3:      layout_loops_ring, overflow_temple_1_default, uniq_crazy_yiuf_cottage,
          uniq_grinder, uniq_robin, uniq_sigmund

Skill      XL: |  1  2  3  4  5  6 |
---------------+-------------------+-----
Spellcasting   | 3 4 |  4.4
Fighting       | 1 2 3 |  3.0
Earth Magic    | 4 5 |  5.0
Dodging        | |  2.4
Stealth        | |  1.4
Transmutations | |  1.2

Action                   |  1- 3 |  4- 6 || total
-------------------------+-------+-------++-------
Melee: Short sword       |       |    18 ||    18
       Punch             |       |     2 ||     2
 Cast: Sandblast         |    21 |    36 ||    57
       Stone Arrow       |       |     7 ||     7
Armor: Robe              |     2 |    17 ||    19
Dodge: Dodged            |    11 |    58 ||    69

Table legend: (Time is in decaauts)
 A = Elapsed time spent in this place.
 B = Non-inter-level travel time spent in this place.
 C = Inter-level travel time spent in this place.
 D = Time resting spent in this place.
 E = Time spent auto-exploring this place.
 F = Levels seen in this place.
 G = Mean time per level.
                   A        B        C        D        E       F      G
               +--------+--------+--------+--------+--------+-----+--------+
         Total |   1079 |   1027 |     52 |     32 |     23 |   3 |  359.7 |
       Dungeon |   1079 |   1027 |     52 |     32 |     23 |   3 |  359.7 |
               +--------+--------+--------+--------+--------+-----+--------+

Top non-repeatable levels by time:
     D:2: 715 daAuts
     D:1: 355 daAuts
     D:3: 8 daAuts
